SL
THUNDER BAY NORTHERN LIONS BC @ NASHVILLE OUTLAWS
09/23/2038
 
TOP OF THE 1ST
Thunder Bay Northern Lions BC batting - Pitching for Nashville Outlaws : RHP Matthew Fallows
Pitching: RHP Matthew Fallows
Batting: LHB Jorge Herrera 0-0: Ball
1-0: DOUBLE (Line Drive, 7LM, EV 105.6 MPH)
Batting: LHB Sébastien Cornu 0-0: Called Strike
0-1: SINGLE (Groundball, 3S, EV 65.0 MPH) (infield hit)
Jorge Herrera to third
Batting: LHB Ramón Padilla Balk!
Jorge Herrera scores
Sébastien Cornu to second
0-0: Foul Ball, location: 2F
0-1: Foul Ball, location: 2F
0-2: Foul Ball, location: 2F
0-2: Ball
1-2: Foul Ball, location: 2F
1-2: Fly out, F7 (Line Drive, 7, EV 103.8 MPH)
Batting: RHB Domingo Altamirańo 0-0: Swinging Strike
0-1: 2-RUN HOME RUN (Flyball, 7LD, EV 109.4 MPH), Distance : 369 ft
Batting: RHB Joe Aller 0-0: Called Strike
0-1: Foul Ball, location: 2F
0-2: Foul Ball, location: 2F
0-2: Foul Ball, location: 2F
0-2: Foul Ball, location: 2F
0-2: Strikes out looking
Batting: RHB Charles Josse 0-0: Called Strike
0-1: Ball
1-1: Ball
2-1: Ball
3-1: DOUBLE (Line Drive, 78M, EV 107.5 MPH)
Batting: RHB An-te-hai Qing 0-0: Called Strike
0-1: Called Strike
0-2: Ball
1-2: Ball
2-2: Strikes out swinging
Top of the 1st over - 3 runs, 4 hits, 0 errors, 1 left on base; Thunder Bay 3 - Nashville 0
BOTTOM OF THE 1ST
Nashville Outlaws batting - Pitching for Thunder Bay Northern Lions BC : RHP Jesús Vidro
Pitching: RHP Jesús Vidro
Batting: LHB Bartolo Soto 0-0: Ball
1-0: Called Strike
1-1: Fly out, F7 (Flyball, 7D, EV 107.5 MPH)
Batting: LHB Salvador Ramírez 0-0: Called Strike
0-1: Foul Ball, location: 2F
0-2: Strikes out swinging
Batting: LHB Tom Burton 0-0: Ball
1-0: Ball
2-0: Foul Ball, location: 2F
2-1: Ground out 4-3 (Groundball, 4, EV 84.4 MPH)
Bottom of the 1st over - 0 runs, 0 hits, 0 errors, 0 left on base; Thunder Bay 3 - Nashville 0
TOP OF THE 2ND
Thunder Bay Northern Lions BC batting - Pitching for Nashville Outlaws : RHP Matthew Fallows
Batting: LHB Barry Flauker 0-0: Called Strike
0-1: Ball
1-1: Swinging Strike
1-2: Fly out, F7 (Flyball, 7S, EV 85.6 MPH)
Batting: LHB Kevin de Bruyne 0-0: Ball
1-0: Ball
2-0: Ball
3-0: Called Strike
3-1: Base on Balls
Batting: LHB Jorge Herrera 0-0: Ball
1-0: Foul Ball, location: 2F
1-1: Ball
2-1: Foul Ball, location: 2F
2-2: Ball
3-2: Foul Ball, location: 2F
3-2: SINGLE (Groundball, 34D, EV 100.0 MPH)
Kevin de Bruyne to second
Kevin de Bruyne to third
Batting: LHB Sébastien Cornu 0-0: Foul Ball, location: 2F
0-1: SINGLE (Line Drive, 7S, EV 105.6 MPH)
Kevin de Bruyne scores
Jorge Herrera to second
Batting: LHB Ramón Padilla 0-0: Ball
1-0: Foul Ball, location: 2F
1-1: Foul Ball, location: 2F
1-2: Foul Ball, location: 2F
1-2: DOUBLE (Line Drive, 5D, EV 102.5 MPH)
Jorge Herrera scores
Sébastien Cornu to third
Runner from 3rd tries for Home, SAFE, no throw by LF
Batting: RHB Domingo Altamirańo 0-0: Called Strike
0-1: Ball
1-1: Ball
2-1: Ball
3-1: Fly out, F9 (Flyball, 9S, EV 86.9 MPH)
Batting: RHB Joe Aller 0-0: Foul Ball, location: 2F
0-1: Foul Ball, location: 2F
0-2: Reached on error, E2 (Groundball, 2R, EV 71.9 MPH)
Ramón Padilla scores
Batting: RHB Charles Josse 0-0: SINGLE (Groundball, 5D, EV 110.6 MPH)
Joe Aller to third
Batting: RHB An-te-hai Qing 0-0: Swinging Strike
0-1: Swinging Strike
0-2: Foul Ball, location: 2F
0-2: Ball
1-2: Ball
2-2: Ball
3-2: Foul Ball, location: 2F
3-2: Base on Balls
Charles Josse to second
Pitching: RHP Jack Joyner
Batting: LHB Barry Flauker 0-0: Ball
1-0: Called Strike
1-1: DOUBLE (Line Drive, 9LM, EV 113.1 MPH)
Joe Aller scores
Charles Josse scores
An-te-hai Qing to third
Runner from 3rd tries for Home, SAFE, no throw by RF
Batting: LHB Kevin de Bruyne 0-0: Ground out U3 (Groundball, 3, EV 81.9 MPH)
Top of the 2nd over - 7 runs, 5 hits, 1 error, 1 left on base; Thunder Bay 10 - Nashville 0
BOTTOM OF THE 2ND
Nashville Outlaws batting - Pitching for Thunder Bay Northern Lions BC : RHP Jesús Vidro
Batting: RHB Javier Sierra 0-0: DOUBLE (Line Drive, 7LM, EV 101.9 MPH)
Batting: RHB Jerry Yates 0-0: Ball
1-0: Called Strike
1-1: Foul Ball, location: 2F
1-2: Foul Ball, location: 2F
1-2: Strikes out swinging
Batting: RHB Mark Toope 0-0: Called Strike
0-1: SINGLE (Line Drive, 89M, EV 95.6 MPH)
Javier Sierra to third
Runner from 3rd tries for Home, SAFE, no throw by CF
Batting: RHB Sadakuno Hashimoto 0-0: Fly out, F4 (Popup, 4, EV 58.1 MPH)
Batting: LHB Juan Caro 0-0: Called Strike
0-1: SINGLE (Line Drive, 7S, EV 105.0 MPH)
Mark Toope to second
Batting: LHB Wilson Hernández 0-0: Called Strike
0-1: Called Strike
0-2: Foul Ball, location: 2F
0-2: Ball
1-2: Ball
2-2: Foul Ball, location: 2F
2-2: Foul Ball, location: 2F
2-2: Strikes out swinging
Bottom of the 2nd over - 1 run, 3 hits, 0 errors, 2 left on base; Thunder Bay 10 - Nashville 1
TOP OF THE 3RD
Thunder Bay Northern Lions BC batting - Pitching for Nashville Outlaws : RHP Jack Joyner
Batting: LHB Jorge Herrera 0-0: Ball
1-0: Ground out U3 (Groundball, 3, EV 98.8 MPH)
Batting: LHB Sébastien Cornu 0-0: Called Strike
0-1: Swinging Strike
0-2: Ball
1-2: Strikes out swinging
Batting: LHB Ramón Padilla 0-0: Ball
1-0: Ball
2-0: Foul Ball, location: 2F
2-1: Ground out 6-3 (Groundball, 6, EV 87.5 MPH)
Top of the 3rd over - 0 runs, 0 hits, 0 errors, 0 left on base; Thunder Bay 10 - Nashville 1
BOTTOM OF THE 3RD
Nashville Outlaws batting - Pitching for Thunder Bay Northern Lions BC : RHP Jesús Vidro
Batting: LHB Bartolo Soto 0-0: Called Strike
0-1: Ground out 5-3 (Groundball, 56, EV 106.9 MPH)
Batting: LHB Salvador Ramírez 0-0: Fly out, F8 (Line Drive, 8RM, EV 104.4 MPH)
Batting: LHB Tom Burton 0-0: Called Strike
0-1: Foul Ball, location: 2F
0-2: Ball
1-2: Ball
2-2: Strikes out swinging
Bottom of the 3rd over - 0 runs, 0 hits, 0 errors, 0 left on base; Thunder Bay 10 - Nashville 1
TOP OF THE 4TH
Thunder Bay Northern Lions BC batting - Pitching for Nashville Outlaws : RHP Jack Joyner
Batting: RHB Domingo Altamirańo 0-0: Ball
1-0: Fly out, F9 (Flyball, 9LSF, EV 91.2 MPH)
Batting: RHB Joe Aller 0-0: Ball
1-0: Swinging Strike
1-1: Ball
2-1: Called Strike
2-2: Foul Ball, location: 2F
2-2: Ball
3-2: Ground out 4-3 (Groundball, 4, EV 86.9 MPH)
Batting: RHB Charles Josse 0-0: Swinging Strike
0-1: Foul Ball, location: 2F
0-2: Foul Ball, location: 2F
0-2: Foul Ball, location: 2F
0-2: Ball
1-2: SINGLE (Groundball, 56D, EV 111.9 MPH)
Batting: RHB An-te-hai Qing 0-0: Ball
1-0: Ball
2-0: Swinging Strike
2-1: Foul Ball, location: 2F
2-2: Foul Ball, location: 2F
2-2: Strikes out swinging
Top of the 4th over - 0 runs, 1 hit, 0 errors, 1 left on base; Thunder Bay 10 - Nashville 1
BOTTOM OF THE 4TH
Nashville Outlaws batting - Pitching for Thunder Bay Northern Lions BC : RHP Jesús Vidro
Batting: RHB Javier Sierra 0-0: Ball
1-0: Ball
2-0: Ball
3-0: Base on Balls
Batting: RHB Jerry Yates 0-0: Called Strike
0-1: Swinging Strike
0-2: Ball
1-2: Foul Ball, location: 2F
1-2: Strikes out looking
Batting: RHB Mark Toope 0-0: Ball
1-0: Ball
2-0: Foul Ball, location: 2F
2-1: Ball
3-1: Called Strike
3-2: Fly out, F4 (Popup, 4S, EV 68.1 MPH)
Batting: RHB Sadakuno Hashimoto 0-0: Called Strike
0-1: Ball
1-1: Ball
2-1: Ball
3-1: Base on Balls
Javier Sierra to second
Batting: LHB Juan Caro 0-0: Ball
1-0: Foul Ball, location: 2F
1-1: Ball
2-1: Ball
3-1: SINGLE (Groundball, 4MD, EV 94.4 MPH)
Javier Sierra to third
Sadakuno Hashimoto to second
Runner from 3rd tries for Home, SAFE, no throw by CF
Batting: LHB Wilson Hernández 0-0: Fly out, F6 (Line Drive, 6, EV 74.4 MPH)
Bottom of the 4th over - 1 run, 1 hit, 0 errors, 2 left on base; Thunder Bay 10 - Nashville 2
TOP OF THE 5TH
Thunder Bay Northern Lions BC batting - Pitching for Nashville Outlaws : RHP Jack Joyner
Batting: LHB Barry Flauker 0-0: Swinging Strike
0-1: Ball
1-1: Ground out 6-3 (Groundball, 6, EV 100.0 MPH)
Pitching: RHP Masaharu Sakata
Batting: LHB Kevin de Bruyne 0-0: Called Strike
0-1: Ball
1-1: Fly out, F4 (Line Drive, 4, EV 72.5 MPH)
Batting: LHB Jorge Herrera 0-0: Called Strike
0-1: Ball
1-1: Called Strike
1-2: Foul Ball, location: 2F
1-2: Ball
2-2: Foul Ball, location: 2F
2-2: Strikes out swinging
Top of the 5th over - 0 runs, 0 hits, 0 errors, 0 left on base; Thunder Bay 10 - Nashville 2
BOTTOM OF THE 5TH
Nashville Outlaws batting - Pitching for Thunder Bay Northern Lions BC : RHP Jesús Vidro
Batting: LHB Bartolo Soto 0-0: Ball
1-0: SINGLE (Groundball, 6MD, EV 102.5 MPH)
Batting: LHB Salvador Ramírez 0-0: Called Strike
0-1: Ball
1-1: Called Strike
1-2: Foul Ball, location: 2F
1-2: Foul Ball, location: 2F
1-2: Strikes out swinging
Batting: LHB Tom Burton 0-0: Ball
1-0: Called Strike
Bartolo Soto steals 2nd, throwing error, E2
Bartolo Soto to third
1-1: Called Strike
1-2: Foul Ball, location: 2F
1-2: Ball
2-2: SINGLE (Groundball, 6D, EV 97.5 MPH)
Bartolo Soto scores
Batting: RHB Javier Sierra 0-0: Foul Ball, location: 2F
0-1: Called Strike
0-2: Strikes out looking
Batting: RHB Jerry Yates Pickoff Throw to First - Out! 1-3
Bottom of the 5th over - 1 run, 2 hits, 1 error, 0 left on base; Thunder Bay 10 - Nashville 3
TOP OF THE 6TH
Thunder Bay Northern Lions BC batting - Pitching for Nashville Outlaws : RHP Masaharu Sakata
Batting: LHB Sébastien Cornu 0-0: Called Strike
0-1: Ball
1-1: SINGLE (Flyball, 89S, EV 83.8 MPH)
Batting: LHB Ramón Padilla 0-0: Ball
1-0: Foul Ball, location: 2F
1-1: Foul Ball, location: 2F
1-2: Foul Ball, location: 2F
1-2: SINGLE (Flyball, 9S, EV 97.5 MPH)
Sébastien Cornu to second
Batting: RHB Domingo Altamirańo 0-0: Fly out, F4 (Popup, 4, EV 73.1 MPH)
Batting: RHB Joe Aller 0-0: Ball
1-0: Ball
2-0: Called Strike
2-1: Called Strike
2-2: Ball
3-2: Foul Ball, location: 2F
3-2: Base on Balls
Sébastien Cornu to third
Ramón Padilla to second
Batting: RHB Charles Josse 0-0: Called Strike
0-1: Grounds into double play, 6-4-3 (Groundball, 6, EV 101.9 MPH)
Top of the 6th over - 0 runs, 2 hits, 0 errors, 2 left on base; Thunder Bay 10 - Nashville 3
BOTTOM OF THE 6TH
Nashville Outlaws batting - Pitching for Thunder Bay Northern Lions BC : RHP Jesús Vidro
Batting: RHB Jerry Yates 0-0: Called Strike
0-1: Called Strike
0-2: Strikes out swinging
Batting: RHB Mark Toope 0-0: Called Strike
0-1: Swinging Strike
0-2: Ball
1-2: Fly out, F8 (Line Drive, 8RD, EV 82.5 MPH)
Batting: RHB Sadakuno Hashimoto 0-0: Ball
1-0: Called Strike
1-1: Swinging Strike
1-2: Ball
2-2: Ball
3-2: Foul Ball, location: 2F
3-2: Foul Ball, location: 2F
3-2: Foul Ball, location: 2F
3-2: Strikes out looking
Bottom of the 6th over - 0 runs, 0 hits, 0 errors, 0 left on base; Thunder Bay 10 - Nashville 3
TOP OF THE 7TH
Thunder Bay Northern Lions BC batting - Pitching for Nashville Outlaws : RHP Masaharu Sakata
Batting: RHB An-te-hai Qing 0-0: Called Strike
0-1: DOUBLE (Line Drive, 7LD, EV 110.0 MPH)
Batting: LHB Barry Flauker 0-0: Ball
1-0: Called Strike
1-1: SINGLE (Line Drive, 89S, EV 95.0 MPH)
An-te-hai Qing to third
Batting: LHB Kevin de Bruyne 0-0: Ball
1-0: Ball
2-0: Fly out, F6 (Popup, 6, EV 81.9 MPH)
Batting: LHB Jorge Herrera 0-0: Ball
1-0: Ball
2-0: TRIPLE (Line Drive, 89XD, EV 99.4 MPH)
An-te-hai Qing scores
Barry Flauker scores
Batting: LHB Sébastien Cornu 0-0: Called Strike
0-1: Swinging Strike
0-2: Strikes out looking
Batting: LHB Ramón Padilla 0-0: Called Strike
0-1: Foul Ball, location: 2F
0-2: Ball
1-2: Foul Ball, location: 2F
1-2: Foul Ball, location: 2F
1-2: Ball
2-2: Ball
3-2: Foul Ball, location: 2F
3-2: Ground out 5-3 (Groundball, 56S, EV 74.4 MPH)
Top of the 7th over - 2 runs, 3 hits, 0 errors, 1 left on base; Thunder Bay 12 - Nashville 3
BOTTOM OF THE 7TH
Nashville Outlaws batting - Pitching for Thunder Bay Northern Lions BC : RHP Jesús Vidro
Batting: LHB Juan Caro 0-0: SINGLE (Line Drive, 5D, EV 95.0 MPH)
Batting: LHB Wilson Hernández 0-0: Ball
1-0: Called Strike
1-1: Ball
2-1: SINGLE (Groundball, P, EV 73.1 MPH) (infield hit)
Juan Caro to second
Pitching: RHP Jefferson Suhendro
Pinch Hitting: RHB Dale Goodman 0-0: Fly out, F8 (Flyball, 8RD, EV 102.5 MPH)
Pinch Hitting: LHB Bora Garasanin 0-0: Ball
1-0: Ball
2-0: Ball
3-0: Called Strike
3-1: Fly out, F8 (Flyball, 8RM, EV 71.2 MPH)
Pinch Hitting: SHB Ryan Wood 0-0: Ball
1-0: Called Strike
1-1: SINGLE (Line Drive, 4D, EV 100.6 MPH)
Juan Caro to third
Wilson Hernández to second
Runner from 3rd tries for Home, SAFE, throw by CF to home
Batting: RHB Javier Sierra 0-0: Ball
1-0: SINGLE (Groundball, 4MD, EV 96.9 MPH)
Wilson Hernández to third
Ryan Wood to second
Runner from 3rd tries for Home, SAFE, throw by CF to home
Batting: RHB Jerry Yates 0-0: Called Strike
0-1: Fly out, F8 (Flyball, 8LXD, EV 90.6 MPH)
Bottom of the 7th over - 2 runs, 4 hits, 0 errors, 2 left on base; Thunder Bay 12 - Nashville 5
TOP OF THE 8TH
Thunder Bay Northern Lions BC batting - Pitching for Nashville Outlaws : RHP Masaharu Sakata
Now at 1B: Myron Rosenbalm
Now in LF: Dale Goodman
Now in RF: Bora Garasanin
Batting: RHB Domingo Altamirańo 0-0: Ball
1-0: Foul Ball, location: 2F
1-1: DOUBLE (Line Drive, 7LM, EV 99.4 MPH)
Pitching: RHP Gerald Plomp
Batting: RHB Joe Aller 0-0: Ball
1-0: Called Strike
1-1: TRIPLE (Line Drive, 78XD, EV 101.2 MPH)
Domingo Altamirańo scores
Batting: RHB Charles Josse 0-0: Ball
1-0: Swinging Strike
1-1: SINGLE (Line Drive, 56D, EV 96.2 MPH)
Joe Aller scores
Batting: RHB An-te-hai Qing 0-0: Foul Ball, location: 2F
0-1: Ball
1-1: Fielders Choice at 2nd, 5-4 (Groundball, 56S, EV 81.2 MPH)
Batting: LHB Barry Flauker 0-0: Ball
1-0: SINGLE (Groundball, 34, EV 81.9 MPH) (infield hit)
An-te-hai Qing to second
Batting: LHB Kevin de Bruyne 0-0: Foul Ball, location: 2F
0-1: SINGLE (Groundball, 3L, EV 82.5 MPH) (infield hit)
An-te-hai Qing to third
Barry Flauker to second
Batting: LHB Jorge Herrera 0-0: Ball
1-0: Ball
2-0: Ball
3-0: Foul Ball, location: 2F
3-1: Base on Balls
An-te-hai Qing scores
Barry Flauker to third
Kevin de Bruyne to second
Batting: LHB Sébastien Cornu 0-0: Called Strike
0-1: Ball
1-1: Fielders Choice at 2nd, 3-6 (Groundball, 34S, EV 86.2 MPH)
Barry Flauker scores
Kevin de Bruyne to third
Batting: LHB Ramón Padilla 0-0: Foul Ball, location: 2F
0-1: Ball
1-1: Ball
2-1: Foul Ball, location: 2F
2-2: Foul Ball, location: 2F
2-2: Strikes out swinging
Top of the 8th over - 4 runs, 5 hits, 0 errors, 2 left on base; Thunder Bay 16 - Nashville 5
BOTTOM OF THE 8TH
Nashville Outlaws batting - Pitching for Thunder Bay Northern Lions BC : RHP Jefferson Suhendro
Batting: RHB Mark Toope 0-0: Ball
1-0: Ball
2-0: Called Strike
2-1: Swinging Strike
2-2: Ball
3-2: Strikes out swinging
Batting: RHB Sadakuno Hashimoto 0-0: Ball
1-0: Called Strike
1-1: Ball
2-1: Ball
3-1: Base on Balls
Batting: LHB Juan Caro 0-0: Ball
1-0: Fielders Choice at 2nd, 4-6 (Groundball, 34, EV 80.6 MPH)
Batting: LHB Wilson Hernández 0-0: Called Strike
0-1: Swinging Strike
0-2: Strikes out looking
Bottom of the 8th over - 0 runs, 0 hits, 0 errors, 1 left on base; Thunder Bay 16 - Nashville 5
TOP OF THE 9TH
Thunder Bay Northern Lions BC batting - Pitching for Nashville Outlaws : RHP Gerald Plomp
Batting: RHB Domingo Altamirańo 0-0: Fly out, F8 (Flyball, 78S, EV 83.8 MPH)
Batting: RHB Joe Aller 0-0: Ground out 4-3 (Groundball, 4, EV 86.2 MPH)
Batting: RHB Charles Josse 0-0: Called Strike
0-1: Ground out 6-3 (Groundball, 56, EV 90.6 MPH)
Top of the 9th over - 0 runs, 0 hits, 0 errors, 0 left on base; Thunder Bay 16 - Nashville 5
BOTTOM OF THE 9TH
Nashville Outlaws batting - Pitching for Thunder Bay Northern Lions BC : RHP Jefferson Suhendro
Batting: RHB Dale Goodman 0-0: Called Strike
0-1: Foul Ball, location: 2F
0-2: Foul Ball, location: 2F
0-2: Ball
1-2: Ball
2-2: Fly out, F9 (Flyball, 9LS, EV 90.0 MPH)
Batting: LHB Bora Garasanin 0-0: Ball
1-0: Ball
2-0: Swinging Strike
2-1: Ground out 3-1 (Groundball, 34, EV 86.2 MPH)
Batting: LHB Myron Rosenbalm 0-0: Ball
1-0: Swinging Strike
1-1: Ground out 4-3 (Groundball, 4, EV 79.4 MPH)
Bottom of the 9th over - 0 runs, 0 hits, 0 errors, 0 left on base; Thunder Bay 16 - Nashville 5
Friday, April 17th, 2020 - OOTP Baseball 20.8 Build 74